Map: Efflorescence LE

Players

taiN

  • Race: Zerg Zerg
  • Spawn Location: 12:00

Jerenko

  • Race: Zerg Zerg
  • League: Platinum
  • Spawn Location: 3:00

qqq - Winner!

  • Race: Zerg Zerg
  • League: Platinum
  • Spawn Location: 9:00

Massa - Winner!

  • Race: Terran Terran
  • League: Platinum
  • Spawn Location: 6:00

VOD

Have the link to the VOD?

Description

Time

  • Played on: Sept. 26, 2020, 4:01 p.m.
  • Length: 8:17
Show
View Real Time Build Order
Export as new Build Order

taiN Zerg 

Build Orders: Hatch First 

Get SALT Encoding   

  12  0:01  Drone  
  13  0:09  Drone  
  14  0:31  Overlord  
  14  0:46  Hatchery  
  13  0:50  Drone  
  13  0:53  Drone  
  15  1:03  Drone x2  
  17  1:12  Drone  
  17  1:13  Extractor  
  17  1:26  Drone  
  18  1:38  Drone  
  20  1:47  Drone, Spawning Pool  
  19  2:00  Drone  
  20  2:05  Drone  
  20  2:06  Drone  
  20  2:07  Extractor  
  21  2:12  Drone  
  22  2:21  Drone  
  23  2:27  Drone  
  23  2:28  Drone  
  25  2:32  Overlord  
  25  2:36  Lair  
  25  2:39  Roach Warren  
  25  2:41  Queen  
  26  2:47  Drone  
  26  2:50  Drone  
  28  2:54  Drone  
  28  3:13  Drone x2  
  28  3:15  Drone x3  
  33  3:29  Spine Crawler, Roach  
  33  3:30  Roach  
  33  3:31  Spine Crawler  
  35  3:39  Spine Crawler  
  35  3:41  Spine Crawler  
  33  3:42  Roach  
  35  3:55  Roach x2  
  35  4:09  Roach x2  
  29  4:18  Roach  
  29  4:19  Roach x3  
  20  4:40  Drone x2  
  20  5:01  Drone x2  
  22  5:20  Drone x2  
  24  5:22  Drone  
  19  5:36  Drone x2  
  19  5:40  Drone  
  19  5:41  Drone  
  23  5:48  Drone  
  24  5:50  Drone  
  24  5:52  Drone  
  26  6:00  Overlord  
  26  6:07  Glial Reconstitution  
  26  6:14  Queen  
  30  6:27  Drone x2  
  30  6:31  Drone  
  30  6:32  Drone  
  34  6:38  Overlord  
  33  6:46  Roach  
  25  6:54  Roach  
  25  7:12  Roach  
  13  7:34  Drone x2  
  15  7:44  Hatchery, Drone  
  15  7:59  Drone x3  
  15  8:02  Spore Crawler  
Show
View Real Time Build Order
Export as new Build Order

Jerenko Zerg 

Build Orders: Hatch First 

Get SALT Encoding   

  12  0:00  Drone  
  13  0:08  Drone  
  14  0:18  Overlord  
  14  0:36  Drone x3  
  17  0:47  Drone  
  18  1:02  Hatchery  
  18  1:03  Drone  
  18  1:21  Extractor  
  18  1:23  Spawning Pool  
  16  1:27  Drone x2  
  18  1:42  Drone x2  
  20  1:58  Drone  
  21  2:01  Extractor  
  21  2:05  Drone  
  21  2:13  Queen  
  23  2:16  Queen  
  23  2:18  Overlord  
  23  2:21  Drone  
  26  2:31  Drone x2  
  26  2:35  Roach Warren  
  27  2:37  Drone  
  28  2:46  Drone x2  
  30  2:59  Overlord x2  
  30  3:02  Drone  
  31  3:09  Drone x2  
  33  3:27  Roach x4  
  33  3:28  Roach  
  43  3:35  Spine Crawler  
  43  3:40  Spine Crawler  
  41  3:51  Roach  
  41  3:52  Overlord x2  
  43  4:10  Roach x2  
  43  4:11  Roach x3  
  43  4:29  Roach x4  
  43  4:30  Roach  
  50  5:09  Drone  
  50  5:10  Drone  
  50  5:13  Lair  
  52  5:19  Overlord x4  
  52  5:40  Roach x7  
  52  5:41  Roach  
  68  5:49  Queen  
  70  6:12  Queen  
  70  6:13  Glial Reconstitution  
  72  6:21  Evolution Chamber  
  72  6:23  Evolution Chamber  
  72  6:24  Roach x6  
  78  7:06  Roach  
  78  7:07  Overlord x2, Roach x2  
  78  7:08  Overlord  
  84  7:35  Roach  
  84  7:36  Roach x6  
  98  7:42  Drone x3  
Show
View Real Time Build Order
Export as new Build Order

qqq Zerg - Winner!

Build Orders: Hatch First 

Get SALT Encoding   

  12  0:03  Drone  
  13  0:09  Drone  
  14  0:35  Hatchery  
  13  0:39  Drone  
  14  0:57  Spawning Pool  
  13  1:05  Overlord  
  13  1:09  Drone  
  14  1:17  Extractor, Drone  
  14  1:26  Drone  
  15  1:42  Overlord x2  
  15  1:52  Drone  
  15  1:54  Drone  
  17  2:04  Queen  
  19  2:09  Drone  
  19  2:14  Zergling x2  
  21  2:16  Zergling x2  
  21  2:20  Zergling x2  
  23  2:29  Metabolic Boost  
  23  2:32  Zergling x2  
  24  2:38  Zergling x2  
  24  2:40  Zergling x2  
  24  2:43  Zergling x2  
  27  2:52  Drone  
  27  2:53  Zergling x2  
  27  2:55  Zergling x2  
  30  3:03  Spine Crawler  
  29  3:09  Zergling x4  
  31  3:13  Zergling x2  
  32  3:23  Zergling x6  
  35  3:28  Zergling x2  
  36  3:36  Baneling Nest  
  36  3:39  Drone  
  36  4:00  Zergling x4  
  36  4:01  Zergling x6  
  40  4:09  Zergling x2  
  34  4:19  Zergling x2  
  34  4:20  Zergling x2  
  33  4:26  Zergling x4  
  35  4:37  Zergling x4  
  31  4:55  Zergling x6  
  31  4:56  Zergling x4  
  30  5:11  Drone x2, Lair  
  30  5:12  Zergling x2  
  33  5:14  Queen  
  33  5:15  Drone  
  33  5:17  Zergling x4  
  38  5:28  Zergling x6  
  40  5:46  Drone  
  40  5:47  Zergling x2  
  40  5:48  Drone  
  43  5:54  Overlord  
  43  6:00  Hatchery  
  42  6:05  Zergling x2  
  42  6:06  Overlord  
  43  6:23  Zergling x8  
  43  6:24  Zergling x6  
  50  6:45  Zergling x8  
  50  6:46  Zergling x6  
  55  7:14  Zergling x10  
  55  7:15  Zergling x6  
  55  7:23  Zergling x2  
  55  7:24  Drone x2  
  57  7:30  Spire  
  57  7:32  Drone  
  57  7:35  Drone, Extractor  
  57  7:38  Drone  
  57  7:43  Overlord  
Show
View Real Time Build Order
Export as new Build Order

Massa Terran - Winner!

Build Orders:  

Get SALT Encoding   

  12  0:00  SCV  
  13  0:12  SCV  
  14  0:18  Supply Depot  
  14  0:24  SCV  
  15  0:40  SCV, Barracks  
  16  0:49  Refinery  
  16  0:52  SCV  
  17  1:04  SCV  
  18  1:16  SCV  
  19  1:32  Orbital Command  
  19  1:43  Command Center  
  19  1:54  Marine  
  19  1:55  Supply Depot  
  20  2:12  Marine  
  21  2:30  Barracks  
  21  2:31  Barracks  
  21  2:39  Barracks  
  21  2:43  Factory  
  21  2:49  Marine  
  22  2:55  Supply Depot  
  22  3:02  SCV  
  22  3:04  SCV  
  24  3:07  Marine  
  25  3:24  Marine x2  
  25  3:25  Marine  
  28  3:31  Marine  
  29  3:36  Supply Depot  
  29  3:38  Factory Tech Lab  
  29  3:42  Marine x2  
  29  3:43  Marine  
  29  3:46  Supply Depot  
  29  3:47  SCV  
  29  3:48  SCV  
  34  3:49  Marine  
  35  3:59  SCV  
  35  4:00  Marine x2  
  35  4:01  Marine  
  39  4:06  Marine  
  40  4:11  Siege Tank  
  43  4:17  Marine x2  
  43  4:18  Marine  
  43  4:20  SCV  
  47  4:24  Marine  
  32  5:15  Marine x3  
  32  5:16  Barracks Tech Lab  
  34  5:33  Marine x3  
  37  5:36  Marauder  
  37  5:38  Stimpack  
  37  5:40  SCV  
  41  5:44  Orbital Command  
  41  5:47  Command Center  
  40  5:50  Engineering Bay, Marine  
  40  5:52  SCV  
  40  5:55  Supply Depot  
  42  5:57  Marauder  
  44  6:13  Siege Tank  
  47  6:36  Marauder, Marine x3  
  52  6:45  Siege Tank  
  55  6:48  Refinery  
  55  6:54  Refinery, Marine x3  
  55  6:56  Refinery, SCV x2  
  55  6:57  Marauder  
  55  7:00  Orbital Command  
  62  7:08  SCV x2  
  64  7:18  Concussive Shells  
  64  7:19  Marauder  
  64  7:20  SCV x2  
  68  7:32  SCV  
  68  7:33  Starport, Missile Turret  
  69  7:53  Missile Turret  
  69  7:57  SCV x3  
  58  8:14  Missile Turret  
Tags
 
Add a new tag
Caveats
  • Supply blocks, unpowered buildings, or Contaminate may cause inaccurate times.
  • Supply counts are checked every 10 seconds.